 Dungeon Crawl Stone Soup version 0.19-a0-644-gd04d753 (webtiles) character file.

5 Duffy the Skirmisher (level 1, -3/11 HPs)
             Began as a Vine Stalker Fighter on June 14, 2016.
             Slain by a hobgoblin (6 damage)
             ... led by Robin
             ... on level 1 of the Dungeon.
             The game lasted 00:00:26 (62 turns).

Duffy the Skirmisher (Vine Stalker Fighter)           Turns: 62, Time: 00:00:27

Health: -3/11      AC:  7    Str: 18    XL:     1   Next: 80%
Magic:  0/2        EV:  4    Int:  8    God:
Gold:   7          SH:  9    Dex: 13    Spells: 0 memorised, 0 levels left

rFire  . . .     SeeInvis .     a - +0 flail
rCold  . . .     Gourm    .     b - +0 scale mail
rNeg   . . .     Faith    .     c - +0 shield
rPois  .         Spirit   +     (no helmet)
rElec  .         Dismiss  .     e - +0 cloak
rCorr  .         Reflect  .     (no gloves)
SustAt .         Harm     .     (no boots)
MR     .....                    (no amulet)
Stlth  ..........               (no ring)
                                (no ring)

@: constricted, not resistant to hostile enchantments, extremely unstealthy
A: fangs 2, regeneration 1, magic shield, antimagic bite, no device heal 3, rot
immunity
a: no special abilities


You were on level 1 of the Dungeon.
You were not hungry.

You visited 1 branch of the dungeon, and saw 2 of its levels.

You collected 7 gold pieces.


Innate Abilities, Weirdness & Mutations

You have extremely sharp teeth.
Your natural rate of healing is unusually fast.
When hurt, damage is shared between your health and your magic reserves.
Your bite disrupts and absorbs the magic of your enemies.
Potions and wands cannot restore your health.
You are immune to rotting.


   Skills:
 + Level 2.9 Fighting
 + Level 2.0 Maces & Flails
 - Level 2.4 Armour
 - Level 2.6 Shields


You couldn't memorise any spells.
You didn't know any spells.

Inventory:

Hand Weapons
 a - a +0 flail (weapon)
Armour
 b - a +0 scale mail (worn)
 c - a +0 shield (worn)
 e - a +0 cloak (worn)
Scrolls
 g - a scroll of fear {unknown}
Potions
 d - a potion of might
Comestibles
 f - a bread ration

Dungeon Overview and Level Annotations

Branches:
Dungeon (2/15)

Altars:

Annotations:
D:2 Natasha, Robin


Message History

The ball python bites you but does no damage.
The ball python constricts you.
Your attempt to break free from the ball python fails, but you feel that another attempt might succeed.
You block the goblin's attack.
Robin roars a battlecry!
The goblins go into a battle-frenzy!
You block the rat's attack. The goblin hits you. The goblin barely misses you.
The hobgoblin hits you but does no damage.
The ball python barely misses you. The ball python constricts you.
The hobgoblin barely misses you.
You escape the ball python's grasp.
The goblin hits you. You block the rat's attack. You block the goblin's attack.
The goblin hits you but does no damage.
The hobgoblin hits you but does no damage.
You block the hobgoblin's attack.
You climb upwards.
There is a stone staircase leading down here.
You closely miss the goblin. The ball python closely misses you.
The ball python barely misses you.
The hobgoblin hits you but does no damage.
The ball python bites you but does no damage.
The ball python grabs you. The ball python constricts you.
The goblin hits you but does no damage.
You closely miss the goblin. You bite the goblin. You drain its power.
The goblin is moderately wounded.
You block the ball python's attack. The ball python constricts you.
You block the hobgoblin's attack. The goblin hits you but does no damage.
You block the ball python's attack. The ball python constricts you.
The hobgoblin hits you but does no damage.
You barely miss the goblin.
The goblin is moderately wounded.
You block the goblin's attack.
The ball python bites you but does no damage.
The ball python constricts you. You block the hobgoblin's attack.
The goblin barely misses you.
The ball python bites you but does no damage.
The ball python constricts you.
You barely miss the goblin. You bite the goblin, but do no damage.
The goblin is moderately wounded.
The hobgoblin hits you.
The ball python bites you but does no damage.
The ball python constricts you. You block the goblin's attack.
You sock the goblin!
You kill the goblin!
Your Maces & Flails skill increases to level 2!
The ball python bites you. The ball python constricts you.
The hobgoblin hits you but does no damage.
The hobgoblin hits you.
Ouch! That really hurt!
You die...

# .# .#
##########.###
......g@gg...##
.#######Sg....##
#######r#.....#
~~~~~~~.~~~~~~~
####7##'##7####
#~ #'# ~#
##8##(##8##
+.........+
###8#'#8###


You could see 2 hobgoblins, 2 goblins, a ball python and a rat.

Action                   || total
-------------------------++-------
Melee: Flail             ||    12
       Bite              ||     5
Armor: Scale mail        ||    16
Dodge: Dodged            ||    12
Block: Shield            ||    14

Notes
Turn   | Place    | Note
--------------------------------------------------------------
     0 | D:1      | Duffy the Vine Stalker Fighter began the quest for the Orb.
     0 | D:1      | Reached XP level 1. HP: 11/11 MP: 2/2
    52 | D:2      | Noticed Robin
    52 | D:2      | Noticed Natasha
    62 | D:1      | Reached skill level 2 in Maces & Flails
    62 | D:1      | Slain by a hobgoblin

Skill      XL: |  1 |
---------------+----+-----
Maces & Flails | 2 |  2.0
Fighting       | |  2.9
Armour         | |  2.4
Shields        | |  2.6

Vault maps used:
D:1:      saegor_arrival_fortress, hangedman_abyss_or_decor_stabs
D:2:      lemuel_doored_altar, marbit_many_paths, first_bread,
          mrwooster_statue_mirror, minmay_misc_feat_chi, uniq_robin,
          uniq_natasha, uniq_sigmund

Vanquished Creatures
  A dart slug
  A goblin
  A ball python zombie
  A giant cockroach zombie
4 creatures vanquished.
